 Dungeon Crawl Stone Soup version 0.24-a0-201-gf205589 (console) character file.

Game seed: 2417644530071386850

4 bli the Ruffian (level 1, -2/16 HPs)
             Began as a Draconian Wanderer on Mar 25, 2019.
             Slain by a hobgoblin (3 damage)
             ... on level 1 of the Dungeon.
             The game lasted 00:00:43 (234 turns).

bli the Ruffian (Draconian Wanderer)                 Turns: 234, Time: 00:00:43

Health: -2/16      AC:  4    Str: 14    XL:     1   Next: 58%
Magic:  1/1        EV: 12    Int: 11    God:
Gold:   46         SH:  0    Dex: 11    Spells: 0/0 levels left

rFire    . . .     SeeInvis .   a - +0 club
rCold    . . .     Gourm    .   (no shield)
rNeg     . . .     Faith    .   (armour unavailable)
rPois    .         Spirit   .   (helmet restricted)
rElec    .         Reflect  .   (no cloak)
rCorr    .         Harm     .   (no gloves)
MR       .....                  (no boots)
Stlth    +.........             (no amulet)
HPRegen  0.05/turn              (no ring)
MPRegen  0.07/turn              (no ring)

@: no status effects
A: unfitting armour, cold-blooded, AC +4
a: no special abilities


You were on level 1 of the Dungeon.
You were not hungry.

You visited 1 branch of the dungeon, and saw 1 of its levels.

You collected 46 gold pieces.

Inventory:

Hand Weapons
 a - a +0 club (weapon)
Missiles
 d - 2 throwing nets (quivered)
Scrolls
 b - a scroll of teleportation
 e - a scroll of enchant weapon {unknown}
 g - a scroll of enchant armour {unknown}
 i - a scroll of magic mapping {unknown}
Potions
 c - a potion of curing
 h - a potion of mutation {unknown}
Comestibles
 f - 3 rations


   Skills:
 + Level 1.1 Fighting
   Level 1.0 Short Blades
 + Level 1.0 Throwing
 + Level 1.8 Dodging
 + Level 1.0 Stealth
   Level 1.0 Shields
 * Level 3.3 Unarmed Combat


You couldn't memorise any spells.
You didn't know any spells.
Your spell library was empty.

Dungeon Overview and Level Annotations

Branches:
Dungeon (1/15)

Altars:


Innate Abilities, Weirdness & Mutations

Your plain brown scales are hard. (AC +4)
You cannot fit into any form of body armour.
You are cold-blooded and may be slowed by cold attacks.


Message History

The kobold throws a stone.
The stone hits you but does no damage.
You see here a stone.
The kobold throws a stone.
The stone barely misses you.
You closely miss the kobold. You tail-slap the kobold.
The kobold is severely wounded.
The kobold hits you but does no damage.
You closely miss the kobold.
The kobold is severely wounded.
The kobold closely misses you.
The hobgoblin hits you but does no damage.
You hit the kobold but do no damage.
The kobold is severely wounded.
The hobgoblin hits you.
* * * LOW HITPOINT WARNING * * *
The kobold hits you but does no damage. The hobgoblin barely misses you.
The kobold closely misses you.
You hit the hobgoblin.
You tail-slap the hobgoblin, but do no damage.
The hobgoblin is heavily wounded.
The hobgoblin hits you.
You die...

#.# #.# #.# ## #.#.. ...
#.#.# ... ##.#.# ...
##.Kg.##..# #.#
######..@..##..########.#
...........##........##.#
#####.(...###.#####.##.#
########.>...###.# #.##.#
#.....>.......##.#####.....
#.######.#(#..##........###
.............##..#######..
.#########..........##....
#.#######.##...#. #.#
##...### #.# ##...## #


You could see a hobgoblin and a kobold.

Vanquished Creatures
  2 goblins (D:1)
  A hobgoblin (D:1)
  A kobold (D:1)
  A rat (D:1)
5 creatures vanquished.

Notes
Turn   | Place    | Note
-------+----------+-------------------------------------------
     0 | D:1      | bli the Draconian Wanderer began the quest for the Orb.
     0 | D:1      | bli set off with the following items: a +0 club, a scroll
                  | of teleportation, a potion of curing, 2 throwing nets, a
                  | ration
     0 | D:1      | Reached XP level 1. HP: 16/16 MP: 1/1
   234 | D:1      | Slain by a hobgoblin

Levels and vault maps discovered:
D:1:      dpeg_chamrin_arrival_tetris, layout_loops_ring

Action                   || total
-------------------------++-------
Melee: Club              ||    32
       Tailslap          ||     5
       Punch             ||     1
Armor: Skin              ||     8
Dodge: Dodged            ||    18

Table legend:
 A = Non-vault XP
 B = Vault XP
 C = Vault XP percentage of total XP
 D = Non-vault monster count
 E = Vault monster count
 F = Vault count percentage of total count
                 A         B        C        D         E       F
            +---------+---------+-------+---------+---------+-------
      Total |       7 |       0 |   0.0 |       5 |       0 |   0.0
            +---------+---------+-------+---------+---------+-------
        D:1 |       7 |       0 |   0.0 |       5 |       0 |   0.0
            +---------+---------+-------+---------+---------+-------
